 Dungeon Crawl Stone Soup version 0.19-a0-1886-gd64a0f0 (webtiles) character file.

394 vev the Skirmisher (level 6, -1/53 HPs)
             Began as a Draconian Wanderer on Oct 16, 2016.
             Slain by a bullfrog zombie (6 damage)
             ... on level 5 of the Dungeon.
             The game lasted 00:04:40 (3233 turns).

vev the Skirmisher (Draconian Wanderer)             Turns: 3233, Time: 00:04:41

Health: -1/53      AC:  6    Str: 12 (13) XL:     6   Next: 52%
Magic:  6/6        EV: 14    Int: 13      God:
Gold:   135        SH:  0    Dex: 18      Spells: 0 memorised, 5 levels left

rFire  . . .     SeeInvis .     a - +2 quarterstaff
rCold  . . .     Gourm    .     (armour unavailable)
rNeg   . . .     Faith    .     (shield currently unavailable)
rPois  .         Spirit   .     (helmet restricted)
rElec  .         Dismiss  +     (no cloak)
rCorr  .         Reflect  .     (no gloves)
MR     .....     Harm     .     (no boots)
Stlth  +++.......               h - amulet of dismissal
                                (no ring)
                                n - +5 ring of dexterity

@: no status effects
A: unfitting armour, cold-blooded, AC +6
a: no special abilities


You were on level 5 of the Dungeon.
You were hungry.

You visited 1 branch of the dungeon, and saw 5 of its levels.

You collected 135 gold pieces.

Inventory:

Hand Weapons
 a - a +2 quarterstaff (weapon)
 b - a +0 falchion
Jewellery
 h - an amulet of dismissal (around neck)
 n - a +5 ring of dexterity (left hand)
Scrolls
 c - 2 scrolls of teleportation
 i - a scroll of identify
 j - a scroll of amnesia
 l - 2 scrolls of recharging {unknown}
 q - a scroll of fog {unknown}
Comestibles
 d - 4 bread rations
 f - 5 chunks of flesh
 g - 2 slices of pizza
 m - a beef jerky


   Skills:
 + Level 4.4 Fighting
   Level 3.0(3.6) Maces & Flails
 - Level 3.0(3.6) Staves
 - Level 1.1 Throwing
 + Level 3.4 Dodging
 + Level 3.5 Stealth
   Level 1.0 Shields


You had 5 spell levels left.
You didn't know any spells.

Dungeon Overview and Level Annotations

Branches:
Dungeon (5/15)             Temple (0/1) D:5

Altars:
Qazlal

Annotations:
D:4 p0werm0de's ghost, novice KoCK


Innate Abilities, Weirdness & Mutations

Your plain brown scales are hard. (AC +6)
You cannot fit into any form of body armour.
You are cold-blooded and may be slowed by cold attacks.


Message History

You sock the bullfrog zombie! You tail-slap the bullfrog zombie.
The bullfrog zombie is heavily damaged.
The bullfrog zombie hits you.
You hit the bullfrog zombie.
The bullfrog zombie is heavily damaged.
The bullfrog zombie completely misses you.
The bullfrog zombie hits you but does no damage.
You closely miss the bullfrog zombie.
The bullfrog zombie is heavily damaged.
The bullfrog zombie hits you.
* * * LOW HITPOINT WARNING * * *
You are too injured to fight recklessly!
You are too injured to fight recklessly!
You are too injured to fight recklessly!
You hit the bullfrog zombie.
The bullfrog zombie is severely damaged.
The bullfrog zombie hits you.
* * * LOW HITPOINT WARNING * * *
The bullfrog zombie hits you.
You die...

###############
...............
#.....Z##
#......>@##
..........###
......$>..<.#
l.$.......#.......
..........######..
.....<....#
#........##
........a .......


You could see a worker ant (sleeping) and a bullfrog zombie.

Vanquished Creatures
  Sigmund (D:4)
  An orc wizard (D:3)
  2 worker ants (D:4)
  5 adders
  An ooze (D:2)
  A worm (D:3)
  3 dart slugs
  3 leopard geckos
  8 orcs (D:3)
  2 ball pythons (D:3)
  9 bats
  2 giant cockroaches
  5 goblins
  11 hobgoblins
  9 jackals
  11 kobolds
  A quokka (D:4)
  4 frilled lizards
  11 rats
90 creatures vanquished.

Vanquished Creatures (others)
  The ghost of Tux the Stinger, an amateur OpVM (D:3)
1 creature vanquished.

Grand Total: 91 creatures vanquished

Notes
Turn   | Place    | Note
-------+----------+-------------------------------------------
     0 | D:1      | vev the Draconian Wanderer began the quest for the Orb.
     0 | D:1      | vev set off with: a +2 quarterstaff, a +0 falchion, a scroll of teleportation, a bread ration
     0 | D:1      | Reached XP level 1. HP: 16/16 MP: 1/1
   135 | D:1      | Reached XP level 2. HP: 24/24 MP: 2/2
   153 | D:1      | Reached skill level 2 in Fighting
   524 | D:1      | Reached XP level 3. HP: 20/30 MP: 3/3
   800 | D:2      | Reached skill level 1 in Stealth
  1499 | D:2      | Reached skill level 2 in Dodging
  1726 | D:2      | Reached XP level 4. HP: 32/37 MP: 4/4
  2085 | D:3      | Killed Tux's ghost
  2086 | D:3      | Reached skill level 3 in Fighting
  2089 | D:3      | Found a stormy altar of Qazlal.
  2225 | D:3      | Reached skill level 2 in Stealth
  2255 | D:3      | Reached XP level 5. HP: 45/45 MP: 5/5
  2867 | D:4      | Noticed p0werm0de's ghost (novice KoCK)
  2907 | D:4      | Noticed Sigmund
  2927 | D:4      | Killed Sigmund
  2927 | D:4      | Reached skill level 4 in Fighting
  2927 | D:4      | Reached skill level 3 in Dodging
  2927 | D:4      | Reached skill level 3 in Stealth
  2927 | D:4      | Reached XP level 6. HP: 26/53 MP: 6/6
  3221 | D:5      | Entered Level 5 of the Dungeon
  3221 | D:5      | Found a staircase to the Ecumenical Temple.
  3233 | D:5      | HP: 5/53 [bullfrog zombie (6)]
  3233 | D:5      | Slain by a bullfrog zombie

Vault maps used:
D:1:      minmay_arrival_four_loops, serial_forest,
          infiniplex_forest_clump_medium, infiniplex_forest_clump_curved,
          infiniplex_forest_straight_3, infiniplex_forest_zigzag_2,
          infiniplex_forest_clump_curved, infiniplex_forest_end_2,
          infiniplex_forest_end_double, infiniplex_forest_clump_small,
          grunt_decor_arrowhead, minmay_close_crescents
D:3:      nicolae_qazlal_eye_of_the_storm
D:4:      minmay_goblin_kobold_castle, first_bread, uniq_robin, uniq_sigmund

Skill      XL: |  1  2  3  4  5 |
---------------+----------------+-----
Fighting       | 2 3 4 |  4.4
Stealth        | 1 2 3 |  3.5
Dodging        | 2 3 |  3.4
Maces & Flails | |  3.0
Staves         | |  3.0
Throwing       | |  1.1
Shields        | |  1.0

Action                   |  1- 3 |  4- 6 || total
-------------------------+-------+-------++-------
Melee: Quarterstaff      |   137 |   105 ||   242
       Tailslap          |    13 |    15 ||    28
  Use: Potion            |       |     5 ||     5
       Scroll            |       |     1 ||     1
 Stab: Sleeping          |     3 |     6 ||     9
  Eat: Chunk             |     3 |     4 ||     7
Armor: Skin              |    45 |    25 ||    70
Dodge: Dodged            |    84 |    59 ||   143
